 Dungeon Crawl Stone Soup version 0.14-a0-1811-gdc2d5af (webtiles) character file.

250 Jenx the Chopper (level 5, -3/45 HPs)
             Began as a Minotaur Fighter on Jan 8, 2014.
             Was an Initiate of Okawaru.
             Slain by Grinder (5 damage)
             ... on Level 3 of the Dungeon.
             The game lasted 00:05:14 (2186 turns).

Jenx the Chopper (Minotaur Fighter)                 Turns: 2186, Time: 00:05:14

HP  -3/45        AC  8     Str 20      XL: 5   Next: 34%
MP   2/2         EV  6     Int  5      God: Okawaru [......]
Gold 68          SH 19     Dex 11      Spells:  0 memorised,  4 levels left

rFire  . . .     SeeInvis .     a - +0 hand axe
rCold  . . .     Clarity  .     b - +0 scale mail
rNeg   . . .     Conserve .     c - +0 shield
rPois  .         rCorr    .     (helmet restricted)
rElec  .         rRot     .     (no cloak)
SustAb . .       Spirit   .     u - +0 pair of orc gloves (curse)
rMut   .         Warding  .     (no boots)
Saprov . . .     Stasis   .     (no amulet)
                                (no ring)
                                (no ring)

@: slightly resistant to hostile enchantments, extremely unstealthy
A: retaliatory headbutt, horns 2
a: Renounce Religion


You were on level 3 of the Dungeon.
You worshipped Okawaru.
Okawaru was noncommittal.
You were hungry.

You visited 1 branch of the dungeon, and saw 3 of its levels.

You collected 68 gold pieces.

Inventory:

Hand weapons
 a - a +0,+0 hand axe (weapon)
 x - a +0,+0 dagger of flaming
Missiles
 i - 27 poisoned needles
Armour
 b - a +0 scale mail (worn)
 c - a +0 shield (worn)
 u - a cursed +0 pair of orcish gloves (worn)
Magical devices
 q - a wand of frost (16)
Comestibles
 d - 2 bread rations
Scrolls
 e - 5 scrolls of remove curse {unknown}
 g - a scroll of magic mapping {unknown}
 h - 2 scrolls of enchant weapon I {unknown}
 k - 2 scrolls of blinking {unknown}
 m - a scroll of recharging {unknown}
 p - a scroll of fear {unknown}
 r - 2 scrolls of identify {unknown}
 s - a scroll of enchant weapon II {unknown}
 t - a scroll of curse weapon {unknown}
 y - a scroll of teleportation {unknown}
Jewellery
 l - an uncursed amulet of faith {unknown}
 o - an uncursed amulet of guardian spirit {unknown}
Potions
 f - a potion of mutation {unknown}
 j - a potion of lignification {unknown}
 n - a potion of might {unknown}
 z - a potion of invisibility {unknown}


   Skills:
 - Level 3.6 Fighting
 * Level 6.8 Axes
 - Level 3.6 Armour
 - Level 3.6 Shields


You had 4 spell levels left.
You didn't know any spells.

Dungeon Overview and Level Annotations

Branches:
Dungeon (3/16)

Altars:
Makhleb
Okawaru

Annotations:
D:3 Grinder


Innate Abilities, Weirdness & Mutations

You reflexively headbutt those who attack you in melee.
You have a pair of horns on your head.


Message History

Grinder is heavily wounded.
Grinder gestures.
Grinder blinks!
Grinder gestures at you. You resist with significant effort.
Found a stone staircase leading up.
Grinder says, "DUCK!"
Grinder hits you.
You writhe in agony.
* * * LOW HITPOINT WARNING * * *
You see here 29 bolts.
Grinder gestures.
Grinder blinks!
Grinder hits you!
* * * LOW HITPOINT WARNING * * *
You writhe in agony.
* * * LOW HITPOINT WARNING * * *
You hit Grinder but do no damage.
Grinder is heavily wounded.
Grinder hits you.
You die...

##########
####.........#
#......<.....######
###5@................
#...................)
#....%(..##....####.#
#........##..........
#.>.......)..........
#........##....##.#.#
#....................
##.###.####....##.#.#
#. #.# #....##.#.#


You could see Grinder.

Vanquished Creatures
  A hound (D:2)
  An orc priest (D:3)
  5 adders (D:3)
  A worm (D:3)
  3 giant geckos
  2 oozes
  3 orcs (D:3)
  11 hobgoblins
  4 jackals (D:2)
  4 kobolds
  A quokka (D:3)
  2 ball pythons
  4 bats
  4 giant newts
  13 goblins
  5 rats
64 creatures vanquished.

Notes
Turn   | Place    | Note
--------------------------------------------------------------
     0 | D:1      | Jenx, the Minotaur Fighter, began the quest for the Orb.
     0 | D:1      | Reached XP level 1. HP: 19/19 MP: 1/1
   286 | D:1      | Reached XP level 2. HP: 26/26 MP: 1/1
   648 | D:1      | Reached skill level 4 in Axes
   992 | D:2      | Reached skill level 5 in Axes
   992 | D:2      | Reached XP level 3. HP: 26/31 MP: 2/2
  1008 | D:2      | Found a burning altar of Makhleb.
  1167 | D:2      | Reached XP level 4. HP: 39/39 MP: 2/2
  1721 | D:3      | Found an iron altar of Okawaru.
  1751 | D:3      | Became a worshipper of Warmaster Okawaru
  1791 | D:3      | Reached skill level 6 in Axes
  1864 | D:3      | Reached XP level 5. HP: 28/45 MP: 2/2
  2160 | D:3      | Noticed Grinder
  2172 | D:3      | Paralysed by Grinder for 5 turns
  2185 | D:3      | HP: 2/45 [Grinder (5)]
  2186 | D:3      | Slain by Grinder

Action                   |  1- 3 |  4- 6 || total
-------------------------+-------+-------++-------
Melee: Hand axe          |    75 |   107 ||   182
Evoke: Wand              |       |     1 ||     1
  Use: Potion            |       |     2 ||     2
